 Dungeon Crawl Stone Soup version 0.30-a0-739-gea05faddec (webtiles) character file.

Game seed: 1382446502106369197

54 MackTheKnife the Shooter (level 3, -2/34 HPs)
             Began as an Octopode Wanderer on Feb 4, 2023.
             Slain by a gnoll
             ... wielding a +0 spear
              (7 damage)
             ... on level 3 of the Dungeon.
             The game lasted 00:01:39 (1291 turns).

MackTheKnife the Shooter (Octopode Wanderer)        Turns: 1291, Time: 00:01:39

Health: -2/34      AC:  1    Str: 10    XL:     3   Next: 91%
Magic:  1/5        EV: 13    Int: 15    God:
Gold:   120        SH:  5    Dex: 13    Spells: 1/5 levels left

rFire   . . .      SeeInvis .    a - +2 sling
rCold   . . .      Faith    .    (no shield)
rNeg    . . .      Spirit   .    b - +0 hat
rPois   .          Reflect  +    n - amulet of reflection
rElec   .          Harm     .    j - ring of wizardry
rCorr   .          Rampage  .    (no ring)
Will    .....                    (no ring) Stlth
                                 (no ring)
HPRegen 0.25/turn                (no ring)
MPRegen 0.09/turn                (no ring)
                                 (no ring)
                                 (no ring)

@: berserking, very quick
A: almost no armour, amphibious, 8 rings, camouflage 1, gelatinous body 1,
(nimble swimmer 1), tentacles
a: no special abilities


You were on level 3 of the Dungeon.
You visited 1 branch of the dungeon, and saw 3 of its levels.

You collected 120 gold pieces.


Innate Abilities, Weirdness & Mutations

You cannot wear most types of armour.
You are amphibious.
You can wear up to eight rings at the same time.
Your skin changes colour to match your surroundings (Stealth+).
Your rubbery body absorbs attacks. (AC +1, EV +1)
((You are camouflaged when in or above water. (Stealth+)))
You have tentacles for arms and can constrict up to eight enemies at once.


   Skills:
 - Level 1.0 Fighting
 - Level 4.2 Ranged Weapons
 - Level 2.0 Dodging
 + Level 1.5 Spellcasting
 + Level 3.2 Ice Magic


You had one spell level left.
You knew the following spells:

 Your Spells              Type           Power      Damage    Failure   Level
a - Freeze                Ice            44%        1d6       2%          1
b - Frozen Ramparts       Ice            22%        1d4       8%          3

Your spell library contained the following spells:

 Spells                   Type           Power      Damage    Failure   Level


Inventory:

Hand Weapons
 a - a +2 sling (weapon)
Missiles
 d - 6 atropa-tipped darts {throwing}
Armour
 b - a +0 hat (worn)
Jewellery
 g - a ring of ice
   (You found it on level 1 of the Dungeon)
 j - a ring of wizardry (left tentacle)
   (You found it on level 1 of the Dungeon)
 k - an amulet of the acrobat
   (You found it on level 1 of the Dungeon)
 n - an amulet of reflection (around mantle)
   (You found it on level 2 of the Dungeon)
Wands
 o - a wand of polymorph (6)
   (You found it on level 3 of the Dungeon)
Scrolls
 e - 3 scrolls of identify {@r1}
 h - a scroll of teleportation {unknown}
 l - a scroll of enchant armour {unknown}
Potions
 c - a potion of brilliance
 f - a potion of berserk rage {!q}
 i - a potion of degeneration {unknown}
 m - a potion of might {unknown}

Dungeon Overview and Level Annotations

Branches:
Dungeon (3/15) Zot: 16696

Altars:

.⌠. ... .# .# #.#
#.##.#) #.# #.....
#.# #...# ### #.#
#...# ....
##$###...###...
####..g#......).##
....)).⌠.g@...#....#
.#####...##.....#
##.##.....##
#.........#
#.#.......##
#.####.##..#
#........#.##
####......##
####....###


You could see 2 gnolls.


Message History

No target in view!
You see here a hobgoblin corpse.
o - a wand of polymorph (6)
A rat comes into view.
A rat is nearby!
A rat is nearby!
You shoot a sling bullet. The sling bullet hits the rat.
You kill the rat!
No target in view!
No target in view!
No target in view!
No target in view!
No target in view!
No target in view!
No target in view!
A kobold comes into view. It is wielding a +0 short sword.
A kobold is nearby!
A kobold is nearby!
A kobold is nearby!
You shoot a sling bullet. The sling bullet hits the kobold!
You kill the kobold!
No target in view!
No target in view!
No target in view!
No target in view!
No target in view!
No target in view!
No target in view!
A gnoll comes into view. It is wielding a +0 spear.
A gnoll is nearby!
A gnoll is nearby!
You shoot a sling bullet. The sling bullet hits the gnoll.
The gnoll shouts!
A gnoll comes into view. It is wielding a +0 whip.
You shoot a sling bullet.
The sling bullet barely misses the gnoll.
The gnoll shouts!
You hear a shout!
A gnoll comes into view. It is wielding a +0 club.
You shoot a sling bullet.
The sling bullet barely misses the gnoll.
You shoot a sling bullet. The sling bullet hits the gnoll!
You kill the gnoll!
A gnoll comes into view. It is wielding a +0 spear.
You shoot a sling bullet. The gnoll shouts!
The sling bullet hits the gnoll!
You shoot a sling bullet. The sling bullet hits the gnoll.
You shoot a sling bullet. The sling bullet hits the gnoll.
You kill the gnoll!
You shoot a sling bullet.
The sling bullet barely misses the gnoll.
You shoot a sling bullet. The sling bullet hits the gnoll!
The gnoll hits you with a +0 club!
You are too injured to fight recklessly!
You are too injured to fight recklessly!
You are too injured to fight recklessly!
You are too injured to fight recklessly!
You are too injured to fight recklessly! 😮 HP[-7]
You take 7 damage, and now have 16/23 hp.
MASSIVE DAMAGE!! (PAUSE) Cast which spell? (? or * to list)
Okay, then.
Cast which spell? (? or * to list)
The spell is quite dangerous to miscast (8% risk of failure)!
Continue anyway?
Casting: Frozen Ramparts (quite dangerous; 8% risk of failure)
Press: ? - help, Dir - look around, f - activate The walls around you are covered in ice.
The wall freezes the gnoll.
The gnoll hits you from afar with a +0 spear!
* * * LOW HITPOINT WARNING * * *
The wall freezes the gnoll.
The gnoll hits you with a +0 club.
* * * LOW HITPOINT WARNING * * *
😱 HP[-14] MP[-3]
You take 14 damage, and now have 2/23 hp.
MASSIVE DAMAGE!! (PAUSE)
You lost 3 mp, and now have 1/5 mp.
Okay, then.
Your frozen ramparts will break if you move.
Continue?
The frozen ramparts melt away as you move.
Unknown command.
Unknown command. 😱 HP[+1] Unknown command.
Unknown command.
Okay, then.
As you read the scroll labelled NEKIADAUCI, it crumbles to dust.
It is a scroll of identify.
f - 2 potions of berserk rage The gnoll barely misses you.
You block the gnoll's attack.
Really quaff
f - 2 potions of berserk rage {!q}?
Okay, then.
Okay, then.
Okay, then.
Really quaff
f - 2 potions of berserk rage {!q}?
Do you really want to go berserk while wielding your +2 sling?
A red film seems to cover your vision as you go berserk!
You feel yourself moving faster!
You feel mighty!
The gnoll hits you from afar with a +0 spear!
You die...

Skill      XL: |  1  2 |
---------------+-------+-----
Ranged Weapons | 4 |  4.2
Fighting       | |  1.0
Dodging        | |  2.0
Spellcasting   | |  1.5
Ice Magic      | |  3.2

Action                     || total
---------------------------++-------
   Fire: Sling             ||    56
   Cast: Frozen Ramparts   ||     1
    Use: Scroll            ||     1
         Potion            ||     1
  Dodge: Dodged            ||     6
  Block: Other             ||     1

Levels and vault maps discovered:
D:1:      matt_arrival_spirals, layout_rooms, minmay_shallow_snake_nest
D:2:      layout_loops_ring, serial_rivers, chequers_serial_rivers_micro_a,
          chequers_serial_rivers_large_b, chequers_serial_rivers_room_a,
          chequers_serial_rivers_micro_d, chequers_serial_rivers_micro_c,
          chequers_serial_rivers_small_a
D:3:      layout_rooms, kiku_gazebo_pond_becter,
          mainiacjoe_overflow_catwalk_spiral, mainiacjoe_overflow_brackets,
          minmay_misc_feat_tower, chequers_serial_rivers_micro_b,
          minmay_circle_x

Notes
Turn   | Place    | Note
-------+----------+-------------------------------------------
     0 | D:1      | MackTheKnife the Octopode Wanderer began the quest for the
                  | Orb.
     0 | D:1      | MackTheKnife set off with the following items: a +2 sling,
                  | a +0 hat, a potion of brilliance; and the following spell
                  | memorised: Freeze; and the following spells available to
                  | memorise: Frozen Ramparts.
     0 | D:1      | Reached XP level 1. HP: 13/13 MP: 2/2
     0 | D:1      | magus.rc [v1.9.6]
   237 | D:1      | Reached XP level 2. HP: 18/18 MP: 3/3
   732 | D:2      | Reached skill level 4 in Ranged Weapons
   732 | D:2      | Reached XP level 3. HP: 18/23 MP: 4/4
   833 | D:2      | Learned a level 3 spell: Frozen Ramparts
  1286 | D:3      | HP: 2/23 [gnoll/+0 club (6)]
  1291 | D:3      | Slain by a gnoll

Vanquished Creatures
  An adder (D:2)
  2 gnolls (D:3)
  4 ball pythons
  An endoplasm (D:1)
  A giant cockroach (D:1)
  2 goblins (D:1)
  6 hobgoblins
  3 bats (D:1)
  A frilled lizard (D:2)
  A kobold (D:3)
  4 rats
26 creatures vanquished.

Vanquished Creatures (others)
  3 plants (D:1)
3 creatures vanquished.

Grand Total: 29 creatures vanquished

Table legend:
 A = Non-vault XP
 B = Vault XP
 C = Vault XP percentage of total XP
 D = Non-vault monster count
 E = Vault monster count
 F = Vault count percentage of total count
                 A         B        C        D         E       F
            +---------+---------+-------+---------+---------+-------
      Total |      74 |       4 |   5.1 |      23 |       3 |  11.5
            +---------+---------+-------+---------+---------+-------
        D:1 |      21 |       3 |  12.5 |      12 |       2 |  14.3
        D:2 |      21 |       0 |   0.0 |       6 |       0 |   0.0
        D:3 |      32 |       1 |   3.0 |       5 |       1 |  16.7
            +---------+---------+-------+---------+---------+-------

Illustrated notes

Table legend:
 A = Kills in this place as a percentage of kills in entire the game.
 B = Kills by you in this place as a percentage of kills by you in the entire game.
 C = Kills by friends in this place as a percentage of kills by friends in the entire game.
 D = Other kills in this place as a percentage of other kills in the entire game.
 E = Experience gained in this place as a percentage of experience gained in the entire game.
 F = Experience gained in this place divided by the number of levels of this place that you have seen.
                   A       B       C       D       E      F
               +-------+-------+-------+-------+-------+----------------------
         Total | 100.0 | 100.0 |   N/A |   N/A | 100.0 |  26.0
       Dungeon | 100.0 | 100.0 |   N/A |   N/A | 100.0 |  26.0
               +-------+-------+-------+-------+-------+----------------------

Table legend: (Time is in decaauts)
 A = Elapsed time spent in this place.
 B = Non-inter-level travel time spent in this place.
 C = Inter-level travel time spent in this place.
 D = Time resting spent in this place.
 E = Time spent auto-exploring this place.
 F = Levels seen in this place.
 G = Mean time per level.
                   A        B        C        D        E       F      G
               +--------+--------+--------+--------+--------+-----+--------+
         Total |   1302 |   1250 |     52 |      0 |   1126 |   3 |  434.0 |
       Dungeon |   1302 |   1250 |     52 |      0 |   1126 |   3 |  434.0 |
               +--------+--------+--------+--------+--------+-----+--------+

Top non-repeatable levels by time:
     D:2: 689 daAuts
     D:1: 569 daAuts
     D:3: 43 daAuts
